Cogmind - Beta 14 *** ADVENTURER MODE // 2024.10.04 @ 10:30:59 Player: Jefffff Result: Self-destructed Performance ------------- Evolutions (2) 1000 Regions Visited (3) 600 Robots Destroyed (22) 110 Value Destroyed (438) 438 Prototype IDs (5) 100 Alien Tech Used (0) 0 Bonus (0) 0 TOTAL SCORE: 2248 Bonus ------- None Cogmind --------- Core Integrity 512/550 Matter 242/300 Energy 250/250 System Corruption 0% Temperature Warm (107) Movement Treading (160) Location -8/Materials Parts ------- > --- POWER (1) -------- Ion Engine > --- PROPULSION (4) --- Light Treads Light Treads Light Treads Light Treads > --- UTILITY (4) ------ Large Storage Unit Tractor Beam > --- WEAPON (2) ------- Medium Laser Battle Rifle > --- INVENTORY (15) --- Light Ion Engine Subdweller Monowheel Huge Storage Unit Subdweller Optics Subdweller Laser Subdweller Beam Cannon Light Cannon Light Cannon Light Cannon Battle Cannon Hammer Scrap Shield Fragment (41) Peak State ------------ > --- POWER ------------ Ion Engine > --- PROPULSION ------- Light Treads Light Treads Light Treads Light Treads > --- UTILITY ---------- Large Storage Unit Tractor Beam > --- WEAPON ----------- Medium Laser Battle Rifle > --- INVENTORY -------- Light Ion Engine Subdweller Monowheel Huge Storage Unit Subdweller Optics Subdweller Laser Subdweller Beam Cannon Light Cannon Light Cannon Light Cannon Battle Cannon Hammer Scrap Shield Fragment [Rating: 11] Favorites ----------- Power Ion Engine Engine Ion Engine Propulsion Wheel Treads Light Treads Leg Aluminum Leg Wheel Wheel Utility Tractor Beam Device Tractor Beam Storage Large Storage Unit Weapon Medium Laser Energy Gun Medium Laser Ballistic Gun Battle Rifle Ballistic Cannon Light Cannon Build | -11 -10 -10 -8 ------- Run | Yrd Mat Sub Mat Slots Evolved 4 | . . . 4 Power . | . . . . Propulsion 2 | . . . 2 Utility 2 | . . . 2 Weapon . | . . . . Parts Attached 20 | . 11 6 3 Power 4 | . 2 2 . Engine 4 | . 2 2 . Core . | . . . . Reactor . | . . . . Propulsion 7 | . 3 2 2 Treads 4 | . . 2 2 Leg . | . . . . Wheel 3 | . 3 . . Hover . | . . . . Flight . | . . . . Utility 4 | . 4 . . Device 1 | . 1 . . Storage 3 | . 3 . . Processor . | . . . . Hackware . | . . . . Protection . | . . . . Artifact . | . . . . Weapon 5 | . 2 2 1 Energy Gun 2 | . 1 1 . Energy Cannon . | . . . . Ballistic Gun 1 | . . . 1 Ballistic Cannon 2 | . 1 1 . Launcher . | . . . . Special Weapon . | . . . . Impact Weapon . | . . . . Slashing Weapon . | . . . . Piercing Weapon . | . . . . Special Melee Weapon . | . . . . Unidentified Prototypes . | . . . . Parts Lost 1 | . . . 1 Power . | . . . . Propulsion . | . . . . Utility . | . . . . Weapon 1 | . . . 1 Highest Loss Streak 1 | . . . 1 To Critical Strikes . | . . . . Average Slot Usage (%) 94 | . 93 100 68 Engine 11 | . 11 14 9 Treads 8 | . . 28 23 Wheel 18 | . 27 . . Device 13 | . 13 14 9 Storage 13 | . 14 14 9 Energy Gun 13 | . 14 14 9 Ballistic Cannon 11 | . 10 14 5 Peak Build Rating 11 | . 8 9 11 Average Rating 7 | . 6 8 9 On Entrance 6 | 6 6 6 9 Naked Turns . | . . . . Heaviest Build 31 | 10 31 31 31 Greatest Support 80 | 20 20 40 80 Greatest Overweight (x) 1 | . 1 . . Average Overweight (x) . | . . . . Largest Inventory Capacity 25 | . 25 15 15 Average Capacity 13 | . 13 15 15 Most Carried 15 | . 15 15 15 Average Carried 11 | . 10 14 13 Final Capacity 15 | 8 15 15 15 Final Carried 15 | 6 15 15 12 Class Distribution -------------------- 100% | Mutant Dominant Class ---------------- Mutant | -10/Materials Mutant | -10/Subcaves Mutant | -8/Materials Resources | -11 -10 -10 -8 ----------- Run | Yrd Mat Sub Mat Matter Collected 677 | 198 296 72 111 Remotely 479 | . 296 72 111 Salvage Created 570 | . 427 46 97 Parts 27 | . 24 2 1 Haulers Intercepted 2 | . 2 . . Recyclers Shooed . | . . . . Parts Field Recycled . | . . . . Retrieved Matter . | . . . . Parts Self-Destructed 2 | . . 2 . Prevented . | . . . . Kills | -11 -10 -10 -8 ------- Run | Yrd Mat Sub Mat Combat Hostiles Destroyed 14 | . 11 1 2 Guns 6 | . 4 1 1 Cannons 7 | . 7 . . Classes Destroyed 8 | . 6 1 1 Worker 1 | . 1 . . Builder 2 | . 2 . . Hauler 2 | . 2 . . Watcher 3 | . 3 . . Swarmer 6 | . 6 . . Grunt 6 | . 5 . 1 Sentry 1 | . . . 1 Subdweller 1 | . . 1 . Best Kill Streak 5 | . 5 1 2 Combat Bots Only 3 | . 3 1 2 Max Kills in Single Turn 2 | . 2 1 1 Gunslinging . | . . . . Exploded . | . . . . Melee . | . . . . Uniques/NPCs Destroyed . | . . . . Combat | -11 -10 -10 -8 -------- Run | Yrd Mat Sub Mat Hostile Shots Fired 83 | . 41 4 38 Missed 19 | . 10 . 9 Damage Taken 668 | . 252 63 353 Core 86 | . 48 . 38 Absorbed by Shields . | . . . . Ignored by Resistances 201 | . 80 18 103 Core Remaining (%) 90 | 100 . 80 . Volleys Fired 89 | . 46 24 19 Largest 2 | . 2 2 2 Hottest 85 | . 85 85 85 Shots Fired 172 | . 87 48 37 Gun 96 | . 41 24 31 Cannon 76 | . 46 24 6 Launcher . | . . . . Special . | . . . . Kinetic 88 | . 46 24 18 Thermal 84 | . 41 24 19 Explosive . | . . . . Electromagnetic . | . . . . Robot Hit Streak 33 | . 7 4 33 Robot Miss Streak 3 | . 3 1 1 Penetration Max . | . . . . Secondary Targets . | . . . . Shots Hit Robots 92 | . 54 4 34 Core Hits 28 | . 22 2 4 Critical Kills . | . . . . Critical Parts Destroyed . | . . . . Critical Strikes 7 | . 5 . 2 Burn 5 | . 3 . 2 Blast 2 | . 2 . . Melee Attacks . | . . . . Impact . | . . . . Slashing . | . . . . Piercing . | . . . . Sneak Attacks . | . . . . Combat Hostiles . | . . . . Follow-up Attacks . | . . . . Damage Inflicted 1388 | . 868 60 460 Guns 735 | . 336 25 374 Cannons 653 | . 532 35 86 Explosions . | . . . . Melee . | . . . . Ramming . | . . . . Kinetic 815 | . 532 35 248 Thermal 573 | . 336 25 212 Explosive . | . . . . Electromagnetic . | . . . . Impact . | . . . . Slashing . | . . . . Piercing . | . . . . Highest Corruption . | . . . . Average Corruption . | . . . . Corruption Purged . | . . . . Corruption Blocked . | . . . . Overload Shots . | . . . . Overflow Damage 19 | . 13 . 6 Projectiles 19 | . 13 . 6 Explosions . | . . . . Melee . | . . . . Knockbacks 3 | . 3 . . Impact . | . . . . Kinetic 3 | . 3 . . Secondary . | . . . . Self-Inflicted Damage . | . . . . Shots . | . . . . Rammed . | . . . . Targets Rammed . | . . . . Kicked . | . . . . Crushed . | . . . . Highest Temperature 291 | . 291 . 141 Average Temperature 66 | . 63 . 74 Received Heat Transfer 375 | . 135 24 216 Siege Activations . | . . . . Robots Corrupted . | . . . . Combat Hostiles . | . . . . Parts Fried . | . . . . Impact Corruptions . | . . . . Robots Melted 1 | . . . 1 Combat Hostiles 1 | . . . 1 Parts Melted 1 | . 1 . . Heat Transferred 2072 | . 1221 74 777 Parts Sabotaged . | . . . . Parts Stolen . | . . . . Parts Stripped . | . . . . Power Chain Reactions . | . . . . Alert | -11 -10 -10 -8 ------- Run | Yrd Mat Sub Mat Peak Influence 338 | . 338 . 55 Initial . | . . . . Average 99 | . 106 . 11 Maximum Alert Level 1 | . 1 . . Low Security (%) 80 | . 78 . 100 Level 1 19 | . 21 . . Level 2 . | . . . . Level 3 . | . . . . Level 4 . | . . . . Level 5 . | . . . . High Security . | . . . . Max Security . | . . . . Squads Dispatched 2 | . 1 . 1 Investigation 1 | . 1 . . Extermination . | . . . . Reinforcement 1 | . . . 1 Assault . | . . . . Garrison . | . . . . Intercept . | . . . . Searches Triggered . | . . . . Construction Impeded . | . . . . Haulers Reinforced . | . . . . Active Scanning Responses . | . . . . Cargo Convoy Interrupts . | . . . . Stealth | -11 -10 -10 -8 --------- Run | Yrd Mat Sub Mat Distress Signals 2 | . 1 . 1 Communications Jammed . | . . . . Distress Signals . | . . . . Times Spotted 25 | . 17 1 7 Peak Tracking Total 4 | . 3 1 4 Tactical Retreats . | . . . . Traps | -11 -10 -10 -8 ------- Run | Yrd Mat Sub Mat Traps Triggered 2 | . 2 . . Indirectly . | . . . . Trap Hack Attempts . | . . . . Triggered . | . . . . Disarmed . | . . . . Reprogrammed . | . . . . Reused . | . . . . Traps Extracted . | . . . . Installed . | . . . . Triggered . | . . . . Machines | -11 -10 -10 -8 ---------- Run | Yrd Mat Sub Mat Machines Disabled . | . . . . Max in Single Turn . | . . . . Machines Repaired . | . . . . Machines Dismantled . | . . . . Machines Sabotaged . | . . . . Overloaded Fab Kills . | . . . . Hacking | -11 -10 -10 -8 --------- Run | Yrd Mat Sub Mat Machines Accessed 10 | . 9 . 1 Terminals 9 | . 8 . 1 Fabricators . | . . . . Repair Stations . | . . . . Recycling Units 1 | . 1 . . Scanalyzers . | . . . . Garrison Access . | . . . . Total Hacks 43 | . 39 . 4 Successful 32 | . 29 . 3 Failed 11 | . 10 . 1 Catastrophic . | . . . . Database Lockouts . | . . . . Manual 22 | . 21 . 1 Terminals 42 | . 38 . 4 Fabricators . | . . . . Repair Stations . | . . . . Recycling Units 1 | . 1 . . Scanalyzers . | . . . . Garrison Access . | . . . . Terminal Hacks 22 | . 20 . 2 Record 5 | . 5 . . Robot Analysis 4 | . 4 . . Prototype ID Bank 3 | . 3 . . Emergency Access Points 1 | . 1 . . Terminal Index 1 | . 1 . . Alert Level 3 | . 2 . 1 Unreport Threat 2 | . 2 . . Transport Status 1 | . 1 . . Hauler Manifests 2 | . 1 . 1 Fabricator Hacks . | . . . . Repair Station Hacks . | . . . . Recycling Unit Hacks . | . . . . Scanalyzer . | . . . . Garrison Access Hacks . | . . . . Unauthorized Hacks 10 | . 9 . 1 Terminals 9 | . 8 . 1 Botnet 9 | . 8 . 1 Fabricators . | . . . . Repair Stations . | . . . . Recycling Units 1 | . 1 . . Tunnel 1 | . 1 . . Scanalyzers . | . . . . Garrison Access . | . . . . Data Cores Recovered . | . . . . Used . | . . . . Hacking Detections 8 | . 7 . 1 Full Trace Events . | . . . . Feedback Events . | . . . . Feedback Blocked . | . . . . Robot Schematics Acquired . | . . . . Robots Built . | . . . . Authchips . | . . . . Time . | . . . . Total Robot Build Rating . | . . . . Part Schematics Acquired . | . . . . Parts Built . | . . . . Authchips . | . . . . Time . | . . . . Total Part Build Rating . | . . . . Parts Repaired . | . . . . Time . | . . . . Parts Recycled . | . . . . Recycled Matter . | . . . . Retrieved Matter . | . . . . Retrieved Components . | . . . . Parts Scanalyzed . | . . . . Part Schematics Acquired . | . . . . Parts Damaged . | . . . . Bothacking | -11 -10 -10 -8 ------------ Run | Yrd Mat Sub Mat Used RIF Installer . | . . . . Robots Hacked . | . . . . Non-combat . | . . . . Combat . | . . . . Robot Hacks Applied . | . . . . Relay Couplers Released . | . . . . Fabnet Peak Effective % . | . . . . Robots Rewired . | . . . . Allies Hacked . | . . . . Hacks Repelled . | . . . . Allies | -11 -10 -10 -8 -------- Run | Yrd Mat Sub Mat Total Allies . | . . . . Largest Group . | . . . . Highest-Rated Group . | . . . . Highest-Rated Ally . | . . . . Total Orders . | . . . . Ally Attacks . | . . . . Total Damage . | . . . . Kills . | . . . . Allies Corrupted . | . . . . Allies Melted . | . . . . Intel | -11 -10 -10 -8 ------- Run | Yrd Mat Sub Mat Robot Analysis Total 4 | . 4 . . Derelict Logs Recovered . | . . . . Drone Launches . | . . . . Drone Recoveries . | . . . . Exploration | -11 -10 -10 -8 ------------- Run | Yrd Mat Sub Mat Turns Passed 1907 | . 1302 504 101 Spaces Moved 1473 | 1 1185 260 27 Core . | . . . . Treads 287 | . . 260 27 Legs 12 | 1 11 . . Wheels 1174 | . 1174 . . Hover . | . . . . Flight . | . . . . Fastest Speed 80 | 120 80 160 160 Average Speed 105 | 120 92 160 160 Slowest Speed 160 | 120 120 160 160 Overloaded Moves . | . . . . Propulsion Burnouts . | . . . . Robots Hopped . | . . . . Cave-ins Triggered . | . . . . Exploration Rate (%) 31 | 2 99 18 7 Regions Visited 3 Branch Regions 1 Pre-discovered Areas 1 | . 1 . . Known Exits Taken . | . . . . Unknown Exits Taken 3 | 1 1 1 . Scrap Searched 3 | . . 3 . Spaces Dug . | . . . . Terrain Destroyed . | . . . . Melee . | . . . . Projectile . | . . . . AOE . | . . . . Terrain Rammed . | . . . . Walls Destroyed . | . . . . Machines Disabled . | . . . . Actions | -11 -10 -10 -8 --------- Run | Yrd Mat Sub Mat Total 1652 | . 1300 303 49 Wait 36 | . 36 . . Move 1470 | . 1184 259 27 Hop . | . . . . Pick Up 23 | . 15 8 . Fast Attach 2 | . 2 . . Attach 9 | . 1 5 3 Detach . | . . . . Swap 9 | . 8 1 . Drop 14 | . 8 6 . Fire 89 | . 46 24 19 Melee . | . . . . Ram . | . . . . Kick . | . . . . Crush . | . . . . Escape Stasis . | . . . . Rewire . | . . . . Trap . | . . . . Miscellaneous . | . . . . Route ------- -11/Scrapyard -10/Materials (discovered 5 exits: [*Mat x3] / [*Min] / [*Sub]) -10/Subcaves -8/Materials History --------- Turn | Location | Event 1 | -11/Scrapyard | Discovered new exit (range 0) 1 | -11/Scrapyard | Entered Materials 207 | -10/Materials | Discovered new exit (range 11) 287 | -10/Materials | Discovered new exit (range 7) 306 | -10/Materials | Build established: Mutant 377 | -10/Materials | Discovered new exit (range 16) 623 | -10/Materials | Discovered new exit (range 15) 883 | -10/Materials | Discovered new exit (range 10) 1303 | -10/Materials | Entered Subcaves 1358 | -10/Subcaves | Disturbed a concealed Subdweller 1741 | -10/Subcaves | Shifting Twisted Machinery released Battle Rifle 1770 | -10/Subcaves | A swath of the cavern ceiling suddenly collapsed 1798 | -10/Subcaves | Discovered new exit (range 7) 1807 | -10/Subcaves | Shifting Twisted Machinery released Flamer 1807 | -10/Subcaves | Entered Materials 1807 | -8/Materials | Evolved 4 slots: Propulsion x2, Utility x2 1908 | -8/Materials | Self-destructed Last Messages --------------- nearby ally. 01847_ O-16 Technician: "IFF HANDSHAKE FAILED. SECURING TERMINAL." 01847_ Destroyed Datajack. 01848_ Acquired 3 matter. 01856_ Acquired 1 matter. 01859_ Acquired 2 matter. 01864_ Lgt. Cannon destroyed. 01873_ Y-45 Defender suffers critical hit (Burn). 01873_ ALERT: Hostiles spotted, dispatching reinforcements to Terminal M002. 01883_ Y-45 Defender heat short circuits Beam Rifle. 01890_ Y-45 Defender critical meltdown. 01891_ Acquired 56 matter. 01904_ G-47 Trooper suffers critical hit (Burn). 01904_ G-47 Trooper destroyed. 01905_ Acquired 41 matter. 01908_ Acquired 8 matter. Map ----- +----------------------------------------------------+ | ???????????????????????????????????????????? | | ???????????????????????????????????????????? | | ???????????????????????????????????????????? | | ???????????????????????????????????????????? | | ???????????????????????????????????????????? | | ???????????????????????????????????????????? | | ???????????????????????????????????????????? | | ???????????????????????????????????????????? | | ???????????????????????????????????????????? | | ???????????????????????????????????????????? | | ???????????????????????????????????????????? | | ???????????????????????????????????????????? | | ?????????????###???????????????????????????? | | ????????????? ???????????????????????????? | | ????????????? ######?????????????????????? | | ????????????? ?????????????????????? | | ?????????????? ?????????????????????? | | ?????????????? ?????????????????????? | | ??????????????? ??????????????????????? | | ???????????????? g ??????????????????????? | | ???????????????? gg??????????????????????? | | ????????????????? #??#######?????????????? | | ?????????????????# #? #?????????????? | | ?????????????????# #? #?????????????? | | ????????????###### # #?????????????? | | ????????????+ !@# #?????????????? | | ????????????###### + #?????????????? | | ?????????????????## # #?????????????? | | ???????????########;# #?????????????? | | ???????????# #? #?????????????? | | ???????????# #? #?????????????? | | ???????????# #??#######?????????????? | | ???????????# #??????????????????????? | | ???????????# #??????????????????????? | | ???????????# #??????????????????????? | | ???????##### #??????????????????????? | | ???????# + w #??????????????????????? | | ????#### # #??????????????????????? | | ???##! #####+#######???????????????????? | | ???#! ?????????????????? | | ???#! ?????????????????? | | ???#! """ ?????????????????? | | ???#! ### """ ??????????????????? | | ???##! ??# """ ######??????????????????? | | ????##???# #???????????????????????? | | ?????????# #???????????????????????? | | ??????#### " #???????????????????????? | | ??????# T #???????????????????????? | | ??????# " #???????????????????????? | | ??????# #???????????????????????? | +----------------------------------------------------+ Best States ------------- Heat Dissipation 31 Energy Generation 10 Energy Capacity 250 Matter Stores 300 Matter Capacity 300 Sight Range 16 Terrain Scan Density 10 Resistance: KI 20 Resistance: TH 20 Resistance: EX 20 Resistance: EM 20 Resistance: I 20 Resistance: S 20 Resistance: P 20 Evasion (%) 55 Recoil Reduction 4 Offensive Hacking 10 Item Schematics ----------------- None Robot Schematics ------------------ None Fabricated ------------ Nothing Alien Tech Used ----------------- None Achievements -------------- None Challenges ------------ None Game ------ Seed GravitonShockBasin Manual? 0 Play Time 00:35:52 Cumulative 138.1 hours Start 2024.10.03 @ 10:38:00 End 2024.10.04 @ 10:30:59 Sessions 1 Manual Loads 0 Difficulty Adventurer Special Mode None Game No. 188 Rogue 0 Adventurer 188 Explorer 0 Win Type - Total 0 Types 0/0/0/0/0/0/0/0/0 Lore% 50 Gallery% 51 Achievement% 39 Wizard Run 0 Options --------- Layout 2 ASCII 0 Keyboard 0 Movement Mouse Keybinds 0 Fullscreen 2 Font 48/Smallcaps Map View 50x44 Zoom Use 0% Tactical HUD 1 Map Filters NONE Filters NONE Steam 1 RUN: cd08523f-add8-404f-a64a-85643eaa01b5